 Dungeon Crawl Stone Soup version 0.30-a0-1074-g5db6f66fbb (webtiles) character file.

Game seed: 14227441390421547941

23 bobo the Ruffian (level 2, -3/23 HPs)
             Began as a Draconian Transmuter on Apr 14, 2023.
             Slain by a gnoll
             ... wielding a +0 whip
              (7 damage)
             ... on level 2 of the Dungeon.
             The game lasted 00:01:35 (694 turns).

bobo the Ruffian (Draconian Transmuter)              Turns: 694, Time: 00:01:36

Health: -3/23      AC:  4    Str: 12    XL:     2   Next: 75%
Magic:  3/5        EV: 12    Int: 13    God:
Gold:   87         SH:  0    Dex: 11    Spells: 2/5 levels left

rFire   . . .      SeeInvis .      - Unarmed
rCold   . . .      Faith    .    (no shield)
rNeg    . . .      Spirit   .    (body armour unavailable)
rPois   +          Reflect  .    (helmet currently unavailable)
rElec   .          Rampage  .    (no cloak)
rCorr   .                        (no gloves)
Will    .....                    (boots currently unavailable)
Stlth   +                        (no amulet)
HPRegen 0.23/turn                d - ring of poison resistance
MPRegen 0.09/turn                (no ring)

@: appendages, wereblooded (expiring)
A: horns 2, talons 2, AC +4, unfitting armour, cold-blooded
a: End Transformation


You were on level 2 of the Dungeon.
You had temporarily grown beastly horns and talons.
You visited 1 branch of the dungeon, and saw 2 of its levels.

You collected 87 gold pieces.

Inventory:

Jewellery
 d - a ring of poison resistance (left hand)
 e - a ring of fire
 g - an amulet of faith
Scrolls
 c - a scroll of amnesia {unknown}
 f - a scroll of summoning {unknown}
Potions
 a - a potion of lignification
 b - a potion of curing {unknown}


   Skills:
 + Level 1.6 Fighting
 + Level 2.1 Dodging
 + Level 3.2 Unarmed Combat
 + Level 2.2 Spellcasting
 + Level 2.3 Transmutations


You had 2 spell levels left.
You knew the following spells:

 Your Spells              Type           Power      Damage    Failure   Level
a - Beastly Appendage     Tmut           14%        N/A       10%         1
z - Wereblood             Tmut           7%         N/A       14%         2

Your spell library contained the following spells:

 Spells                   Type           Power      Damage    Failure   Level
 Spider Form              Tmut/Pois      4%         N/A       43%         3
 Ice Form                 Ice/Tmut       4%         N/A       83%         4


Dungeon Overview and Level Annotations

Branches:
Dungeon (2/15)

Altars:


Innate Abilities, Weirdness & Mutations

You have temporarily grown beastly horns and talons.
Your plain brown scales are hard. (AC +4)
You cannot fit into any form of body armour.
You are cold-blooded and may be slowed by cold attacks.


Message History

Your tail-slap misses the hobgoblin.
The hobgoblin is almost dead.
The hobgoblin barely misses you.
You closely miss the hobgoblin. Your kick misses the hobgoblin.
The hobgoblin is almost dead.
The hobgoblin closely misses you.
You barely miss the hobgoblin. Your kick misses the hobgoblin.
You tail-slap the hobgoblin, but do no damage.
The hobgoblin is almost dead.
The hobgoblin hits you.
You hit the hobgoblin but do no damage.
You claw the hobgoblin, but do no damage.
Your headbutt misses the hobgoblin. You punch the hobgoblin.
You feel a bit better.
You kill the hobgoblin!
The gnoll hits you from afar with a +0 spear.
The endoplasm attacks as you move away!
The endoplasm hits you but does no damage.
You hit the endoplasm. You claw the endoplasm.
You feel a bit better.
You kill the endoplasm!
You howl as the wereblood boils in your veins!
Your horns disappear.
Your talons disappear.
You hit the gnoll but do no damage. The gnoll hits you with a +0 whip.
You closely miss the gnoll. The gnoll hits you with a +0 whip.
You hit the gnoll. Your punch misses the gnoll.
The gnoll is heavily wounded.
The gnoll hits you with a +0 whip.
You closely miss the gnoll.
The gnoll is heavily wounded.
The gnoll hits you with a +0 whip.
* * * LOW HITPOINT WARNING * * *
You hit the gnoll.
You tail-slap the gnoll, but do no damage.
The gnoll is severely wounded.
Casting: Wereblood (safe; 14% risk of failure)
Confirm with . or Enter, or press ? or * to list all spells.
You grow a pair of large bovine horns.
Your feet morph into talons.
Your primal bloodlust is almost over.
The gnoll hits you with a +0 whip!
You die...

#.# #.#...#
#......# #.#
..# ###
##......# ..#
######
##.......# ...
#....#
##........#
###....#
####..########
..'....#
#..[.## #....#
#.####
#...g###.#
#####.glg@.#
#......#####
#......#
#......#
#.....g#
#......g
.......[.
........l.
.#..>.....


You could see 3 gnolls and a frilled lizard.

Vanquished Creatures
  A bat (D:2)
  2 endoplasms
  3 goblins (D:1)
  4 hobgoblins
  3 jackals (D:1)
  2 kobolds (D:1)
  2 ball pythons (D:1)
  3 rats (D:1)
20 creatures vanquished.

Notes
Turn   | Place    | Note
-------+----------+-------------------------------------------
     0 | D:1      | bobo the Draconian Transmuter began the quest for the Orb.
     0 | D:1      | Reached XP level 1. HP: 16/16 MP: 3/3
   148 | D:1      | Reached XP level 2. HP: 16/23 MP: 3/5
   155 | D:1      | Learned a level 2 spell: Wereblood
   568 | D:2      | Found a faded altar of an unknown god.
   694 | D:2      | Slain by a gnoll

Illustrated notes

Levels and vault maps discovered:
D:1:      mainiacjoe_arrival_reflecting_pool, layout_rooms, minmay_pentomino_r4
D:2:      layout_basic, nicolae_ecumenical_oubliette, uniq_sigmund

Skill      XL: |  1  2 |
---------------+-------+-----
Dodging        | 2 |  2.1
Fighting       | |  1.6
Unarmed Combat | |  3.2
Spellcasting   | |  2.2
Transmutations | |  2.3

Action                     || total
---------------------------++-------
  Melee: Unarmed           ||    50
         Kick              ||    11
         Headbutt          ||     5
         Tailslap          ||     7
         Punch             ||     1
   Cast: Beastly Appendage ||    12
         Wereblood         ||     1
 Armour: Skin              ||     8
  Dodge: Dodged            ||    29

Table legend: (Time is in decaauts)
 A = Elapsed time spent in this place.
 B = Non-inter-level travel time spent in this place.
 C = Inter-level travel time spent in this place.
 D = Time resting spent in this place.
 E = Time spent auto-exploring this place.
 F = Levels seen in this place.
 G = Mean time per level.
                   A        B        C        D        E       F      G
               +--------+--------+--------+--------+--------+-----+--------+
         Total |    690 |    673 |     17 |      0 |    542 |   2 |  345.0 |
       Dungeon |    690 |    673 |     17 |      0 |    542 |   2 |  345.0 |
               +--------+--------+--------+--------+--------+-----+--------+

Top non-repeatable levels by time:
     D:1: 570 daAuts
     D:2: 119 daAuts
